 Dungeon Crawl Stone Soup version 0.27.0-1-g7a089689b8 (webtiles) character file.

Game seed: 3138041857528445507

722 Crownlay the Cleaver (level 7, -3/57 HPs)
             Began as a Hill Orc Fighter on Aug 18, 2021.
             Shot with an arrow by a centaur (11 damage)
             ... on level 5 of the Dungeon.
             The game lasted 00:06:21 (4288 turns).

Crownlay the Cleaver (Hill Orc Fighter)             Turns: 4288, Time: 00:06:22

Health: -3/57      AC: 15    Str: 21    XL:     7   Next: 71%
Magic:  7/7        EV:  6    Int:  8    God:
Gold:   223        SH:  0    Dex: 10    Spells: 6/6 levels left

rFire    + . .     SeeInvis .   a - +0 war axe
rCold    . . .     Faith    .   (no shield)
rNeg     . . .     Spirit   .   l - +0 plate armour
rPois    .         Reflect  .   b - +0 helmet
rElec    .         Harm     .   d - scarf {+Inv}
rCorr    .         Rampage  .   m - +2 pair of gloves
Will     .....                  (no boots)
Stlth    ..........             (no amulet)
HPRegen  0.19/turn              v - ring of protection from fire
MPRegen  0.10/turn              (no ring)

@: no status effects
A: no striking features
a: Evoke Invisibility


You were on level 5 of the Dungeon.
You visited 2 branches of the dungeon, and saw 6 of its levels.

You collected 223 gold pieces.

Inventory:

Hand Weapons
 a - a +0 war axe (weapon)
Missiles
 o - 10 boomerangs (quivered)
 r - 4 silver javelins
Armour
 b - a +0 helmet (worn)
 c - a +0 kite shield
 d - a scarf of invisibility (worn)
 l - a +0 plate armour (worn)
 m - a +2 pair of gloves (worn)
Jewellery
 u - a ring of ice
 v - a ring of protection from fire (left hand)
Scrolls
 h - 3 scrolls of identify {unknown}
 i - 2 scrolls of amnesia {unknown}
 j - a scroll of summoning {unknown}
 k - 3 scrolls of teleportation {unknown}
 p - 2 scrolls of enchant armour {unknown}
 q - a scroll of torment {unknown}
 t - a scroll of fear {unknown}
Potions
 e - 2 potions of curing {unknown}
 f - a potion of flight {unknown}
 g - a potion of berserk rage {unknown}
 n - 4 potions of heal wounds {unknown}
 s - a potion of resistance {unknown}
 w - a potion of attraction {unknown}


   Skills:
 - Level 3.6 Fighting
 + Level 10.9 Axes
 - Level 3.2 Armour
 - Level 3.2 Shields


You had 6 spell levels left.
You didn't know any spells.
Your spell library contained the following spells:

 Spells                   Type           Power      Damage    Failure   Level
 Animate Skeleton         Necr           0%         N/A       100%        1
 Apportation              Tloc           0%         N/A       100%        1
 Corona                   Hex            0%         N/A       100%        1
 Summon Small Mammal      Summ           0%         N/A       100%        1
 Slow                     Hex            0%         N/A       100%        2
 Confusing Touch          Hex            0%         N/A       100%        3
 Vampiric Draining        Necr           0%         2d6       100%        3


Dungeon Overview and Level Annotations

Branches:
Dungeon (5/15)             Temple (1/1) D:4

Altars:
Ashenzari
Cheibriados
Dithmenos
Elyvilon
Fedhas
Hepliaklqana
Kikubaaqudgha
Makhleb
Qazlal
Ru
Sif Muna
Trog
Uskayaw
Wu Jian
Xom
Zin

Shops:
D:5 :

Annotations:
D:5 Blork the orc


Message History

Your plate armour prevents you from hitting the centaur.
The centaur is heavily wounded.
The centaur hits you but does no damage.
The centaur kicks you but does no damage.
Blork the orc barely misses you.
You closely miss the centaur.
The centaur is heavily wounded.
The centaur hits you but does no damage.
The centaur kicks you. The centaur hits you.
The centaur kicks you but does no damage.
Blork the orc hits you but does no damage.
You hit the centaur.
The centaur is severely wounded.
The centaur barely misses you.
The centaur kicks you but does no damage.
Blork the orc hits you from afar with a +0 halberd!
You hit the centaur.
The centaur is almost dead.
The centaur hits you but does no damage.
The centaur kicks you but does no damage.
Blork the orc hits you from afar with a +0 halberd!
The centaur barely misses you. x2
You are too injured to fight recklessly!
You are too injured to fight recklessly!
You are too injured to fight recklessly!
You are too injured to fight recklessly!
You are too injured to fight recklessly!
You are too injured to fight recklessly!
You are too injured to fight recklessly!
You are too injured to fight recklessly!
The centaur wields a +0 shortbow.
The centaur shoots an arrow.
The arrow hits you!
The centaur shoots an arrow.
The arrow hits you.
* * * LOW HITPOINT WARNING * * *
The centaur shoots an arrow.
The arrow hits you but does no damage.
The centaur shoots an arrow.
The arrow barely misses you.
The centaur shoots an arrow.
The arrow hits you!
* * * LOW HITPOINT WARNING * * *
The centaur shoots an arrow.
The arrow hits you!
You die...

...# ...#### ....[..
...###). ........###
...####...##### ###
......# #...#.## #.#
......###......#####.#
#.#.......###...@.#..##
#.#..<.####
#.###.>...####
#.#.....# #.#
#........# #..####.#
#.###.##c###.... ##.
... ..##..##.#### . ##.
#### ..##.##.c#.. #
##....##.##o# #
##...##o##.# #
#...##....#


You could see a centaur.

Vanquished Creatures
  Edmund (D:5)
  A necrophage (D:4)
  A phantom (D:5)
  2 scorpions (D:5)
  An orc priest (D:4)
  3 orc wizards
  A killer bee zombie (D:5)
  Robin (D:2)
  3 gnolls (D:4)
  3 adders
  A shadow imp (D:5)
  4 worms
  3 dart slugs
  6 orcs
  6 ball pythons
  12 endoplasms
  2 giant cockroaches
  12 hobgoblins
  3 jackals (D:1)
  6 quokkas
  6 bats
  3 frilled lizards
  20 goblins
  10 kobolds
  8 rats
119 creatures vanquished.

Vanquished Creatures (others)
  3 plants (D:3)
3 creatures vanquished.

Grand Total: 122 creatures vanquished

Notes
Turn   | Place    | Note
-------+----------+-------------------------------------------
     0 | D:1      | Crownlay the Hill Orc Fighter began the quest for the Orb.
     0 | D:1      | Reached XP level 1. HP: 19/19 MP: 1/1
    73 | D:1      | Reached skill level 3 in Axes
    85 | D:1      | Reached XP level 2. HP: 25/26 MP: 2/2
   110 | D:1      | Reached skill level 4 in Axes
   258 | D:1      | Reached XP level 3. HP: 28/31 MP: 3/3
   454 | D:1      | Reached skill level 5 in Axes
   565 | D:1      | Found a faded altar of an unknown god.
   997 | D:2      | Reached XP level 4. HP: 32/39 MP: 4/4
  1147 | D:2      | Noticed Robin
  1160 | D:2      | Reached skill level 6 in Axes
  1391 | D:2      | Killed Robin
  1804 | D:3      | Reached XP level 5. HP: 45/45 MP: 5/5
  1825 | D:3      | Found a burning altar of Makhleb.
  1879 | D:3      | Reached skill level 7 in Axes
  2691 | D:4      | Found an ornate altar of the Wu Jian Council.
  2695 | D:4      | Noticed a necrophage
  2702 | D:4      | Killed a necrophage
  2703 | D:4      | Reached skill level 8 in Axes
  2703 | D:4      | Reached XP level 6. HP: 46/51 MP: 6/6
  3060 | D:4      | Reached skill level 9 in Axes
  3300 | D:4      | Found a staircase to the Ecumenical Temple.
  3564 | Temple   | Entered the Ecumenical Temple
  3706 | D:5      | Entered Level 5 of the Dungeon
  3709 | D:5      | Noticed Edmund
  3717 | D:5      | Found Adwumo's Self-Improvement Boutique.
  3721 | D:5      | Reached XP level 7. HP: 41/57 MP: 7/7
  3739 | D:5      | Killed Edmund
  3740 | D:5      | Reached skill level 10 in Axes
  4272 | D:5      | Noticed Blork the orc
  4288 | D:5      | Shot with an arrow by a centaur

Illustrated notes

Levels and vault maps discovered:
D:1:      dpeg_arrival_rooms_a, layout_loops_cross,
          chequers_ecumenical_altar_simple_redux, ebering_dispersal_statue_hall,
          minmay_octomino_c4
D:2:      layout_rooms, uniq_robin
D:3:      layout_loops_cross, mainiacjoe_overflow_cross_hatched
D:4:      layout_rooms, overflow_temple_1_default,
          minmay_temple_entry_proselytizer, moated_statue
D:5:      layout_rooms, serial_shops, nicolae_shop_waterfront,
          nicolae_shop_self_help, uniq_blork_the_orc, uniq_edmund
Temple:   regret_index_temple_waves

Skill      XL: |  1  2  3  4  5  6  7 |
---------------+----------------------+-----
Axes           | 3 4 5 6 8 9 10 | 10.9
Fighting       | |  3.6
Armour         | |  3.2
Shields        | |  3.2

Action                   |  1- 3 |  4- 6 |  7- 9 || total
-------------------------+-------+-------+-------++-------
Melee: War axe           |   103 |   187 |    43 ||   333
Throw: Boomerang         |       |    12 |       ||    12
  Use: Potion            |       |       |     1 ||     1
Armor: Scale mail        |    72 |       |       ||    72
       Plate armour      |       |   147 |    31 ||   178
Dodge: Dodged            |    58 |    40 |    14 ||   112
Block: Kite shield       |     5 |       |       ||     5
